 Dungeon Crawl Stone Soup version 0.31.0-1-g2c135a0 (webtiles) character file.

Game seed: 7552078765047990885

10 Kel the Trooper (level 2, 0/28 HPs)
             Began as a Gargoyle Berserker on Feb 10, 2024.
             Was a Follower of Trog.
             Frozen to death by an endoplasm (5 damage)
             ... on level 1 of the Dungeon.
             The game lasted 00:00:18 (84 turns).

Kel the Trooper (Gargoyle Berserker)                  Turns: 84, Time: 00:00:19

Health: 0/28       AC:  5    Str: 20    XL:     2   Next: 20%
Magic:  2/2        EV: 11    Int:  7    God:    Trog [*.....]
Gold:   17         SH:  0    Dex:  9    Spells: 1/1 levels left

rFire   . . .        a - +0 mace
rCold   . . .        (no shield)
rNeg    + . .        b - +0 animal skin
rPois   ∞            (no helmet)
rElec   +            (no cloak)
rCorr   .            (no gloves)
SInv    .            (no boots)
Will    .....        (no amulet) Stlth
                     (no ring)
HPRegen 0.24/turn    (no ring)
MPRegen 0.08/turn

%: no passive effects
@: berserking, very quick
A: sickness immunity, AC +2, negative energy resistance 1, electricity
resistance, torment resistance 1, petrification resistance
a: Renounce Religion, Berserk


You were on level 1 of the Dungeon.
You worshipped Trog.
Trog was aware of your devotion.
You visited 1 branch of the dungeon, and saw 1 of its levels.

You collected 17 gold pieces.

Inventory:

Hand Weapons
 a - a +0 mace (weapon)
Armour
 b - a +0 animal skin (worn)


   Skills:
 + Level 3.4 Fighting
 * Level 3.3 Maces & Flails
 + Level 2.4 Armour
 - Level 1.5 Dodging


You had one spell level left.
You didn't know any spells.
Your spell library was empty.

Dungeon Overview and Level Annotations

Branches:
Dungeon (1/15)

Altars:


Innate Abilities, Weirdness & Mutations

You are immune to sickness and miasma.
Your stone body is resilient. (AC +2)
You are immune to poison.
You resist negative energy. (rN+)
You are resistant to electric shocks. (rElec)
You are resistant to unholy torment.
You are immune to petrification.


Message History

A ball python comes into view.
An endoplasm comes into view.
A kobold comes into view. It is wielding a +2 whip of venom.
The ball python hisses angrily.
The goblin barely misses you.
A goblin comes into view. It is wielding a +0 dagger.
A rat comes into view.
You sock the goblin!
You kill the goblin!
Trog accepts your kill. The kobold misses you. The rat barely misses you.
You closely miss the kobold. The rat bites you. The kobold misses you.
The endoplasm hits you but does no damage.
A ball python comes into view.
The ball python hisses angrily.
You hit the kobold.
The kobold is severely wounded.
The ball python bites you but does no damage.
The ball python grabs you. The ball python constricts you. The rat bites you.
The kobold hits you but does no damage. The endoplasm hits you.
You hit the ball python.
You kill the ball python!
Trog accepts your kill. The rat bites you. The endoplasm hits you.
The kobold hits you with a +0 club. The endoplasm misses you.
A hobgoblin comes into view.
You are too injured to fight recklessly!
A red film seems to cover your vision as you go berserk!
You feel yourself moving faster!
You feel mighty!
The hobgoblin shouts!
The endoplasm freezes you.
You are frozen.
The kobold misses you. The kobold hits you but does no damage.
The endoplasm freezes you.
You are frozen.
* * * LOW HITPOINT WARNING * * *
You bludgeon the kobold!!
You kill the kobold!
Trog accepts your kill. The endoplasm freezes you.
You are frozen.
You die...

... #... ...###...
........# ........### .#
..........# #.# .#
......g...######.# .#
...$..JJK.....##.### .#
.g..SJ)@......##...##.#.
......rr................
.....................###
.......................†
##########.......(...)##
#..............
###...........#
###########.# #..


You could see 3 endoplasms, a hobgoblin, a goblin, a ball python, a kobold and 2
rats.

Vanquished Creatures
  A bat (D:1)
  2 goblins (D:1)
  4 jackals (D:1)
  A ball python (D:1)
  A kobold (D:1)
9 creatures vanquished.

Notes
Turn   | Place    | Note
-------+----------+-------------------------------------------
     0 | D:1      | Kel the Gargoyle Berserker began the quest for the Orb.
     0 | D:1      | Reached XP level 1. HP: 14/14 MP: 1/1
    35 | D:1      | Reached XP level 2. HP: 12/19 MP: 2/2
    84 | D:1      | Frozen to death by an endoplasm

Illustrated notes

Levels and vault maps discovered:
D:1:      sevenhm_arrival_forest_fort_small_4, layout_basic,
          dreamdust_wishing_well

Action                     || total
---------------------------++-------
  Melee: Mace              ||    18
 Invoke: Berserk           ||     1
 Armour: Animal skin       ||    37
  Dodge: Dodged            ||    33
